 Dungeon Crawl Stone Soup version 0.31-a0-361-g0f8bd3a31e (webtiles) character file.

Game seed: 9483813248483758950

63 Graywind the Magician (level 4, -3/28 (32) HPs)
             Began as a Gnoll Hedge Wizard on July 27, 2023.
             Slain by Stonecrops's ghost (8 damage)
             ... on level 3 of the Dungeon.
             The game lasted 00:09:46 (970 turns).

Graywind the Magician (Gnoll Hedge Wizard)           Turns: 970, Time: 00:09:47

HP:   -3/28 (32)    AC:  2    Str:  8    XL:     4   Next: 10%
MP:   9/13          EV: 14    Int: 18    God:
Gold: 95            SH:  0    Dex: 15    Spells: 8/17 levels left

rFire   + + .        j - +6 whip of Zuravown {freeze, rF++ rN+ Int+3}
rCold   . . .        f - orb {light}
rNeg    + . .        b - +0 robe
rPois   .            c - +0 hat
rElec   .            (no cloak)
rCorr   .            (no gloves)
SInv    .            (no boots)
Will    .....        a - amulet of the acrobat
Stlth   +            (no ring)
HPRegen 0.24/turn    (no ring)
MPRegen 0.13/turn

%: acrobat
@: lethally poisoned (-3 -> -25), glowing, heavily drained
A: fangs 1, strong nose, distributed training, agile 1, sense surroundings 1
a: no special abilities


You were on level 3 of the Dungeon.
You visited 1 branch of the dungeon, and saw 3 of its levels.
You also visited: Sewer.

You collected 95 gold pieces.

Inventory:

Hand Weapons
 j - the +6 whip of Zuravown (weapon) {freeze, rF++ rN+ Int+3}
   (You found it on level 3 of the Dungeon)

   Int:       It affects your intelligence (+3).
   rF:        It greatly protects you from fire.
   rN:        It protects you from negative energy.
Armour
 b - a +0 robe (worn)
 c - a +0 hat (worn)
 f - an orb of light (worn)
Jewellery
 a - an amulet of the acrobat (around neck)
 g - an amulet of reflection
Scrolls
 h - a scroll of teleportation
 i - a scroll of fog
Potions
 d - a potion of magic
 k - a potion of mutation
 l - a potion of heal wounds {unknown}
 m - a potion of invisibility {unknown}
 o - a potion of haste {unknown}


   Skills:
 + Level 1.0 Fighting
 + Level 1.0 Short Blades
 + Level 1.0 Long Blades
 + Level 1.0 Axes
 + Level 1.0 Maces & Flails
 + Level 1.0 Polearms
 + Level 1.0 Staves
 + Level 1.0 Ranged Weapons
 + Level 1.0 Throwing
 + Level 1.0 Armour
 + Level 4.6 Dodging
 + Level 4.2 Stealth
 + Level 1.0 Shields
 + Level 1.0 Unarmed Combat
 + Level 7.2 Spellcasting
 + Level 2.2 Conjurations
 + Level 0.8 Hexes
 + Level 2.2 Summonings
 + Level 0.8 Necromancy
 + Level 2.2 Translocations
 + Level 0.8 Transmutations
 + Level 0.8 Fire Magic
 + Level 0.8 Ice Magic
 + Level 0.8 Air Magic
 + Level 0.8 Earth Magic
 + Level 0.8 Poison Magic
 + Level 1.1 Invocations
 + Level 1.0 Evocations
 + Level 0.8 Shapeshifting


You had 8 spell levels left.
You knew the following spells:

 Your Spells              Type           Power      Damage    Failure   Level
a - Magic Dart            Conj           56%        1d5       4%          1
b - Slow                  Hex            36%        N/A       8%          1
c - Call Imp              Summ           28%        N/A       6%          2
d - Cigotuvi's Dreadful   Necr/Pois/Air  18%        N/A       12%         2
e - Mephitic Cloud        Conj/Pois/Air  11%        N/A       19%         3

Your spell library contained the following spells:

 Spells                   Type           Power      Damage    Failure   Level
 Apportation              Tloc           28%        N/A       4%          1
 Summon Small Mammal      Summ           56%        N/A       4%          1
 Shock                    Conj/Air       44%        1d5       6%          1
 Blink                    Tloc           28%        N/A       6%          2
 Necrotise                Necr           36%        1d5       8%          1


Dungeon Overview and Level Annotations

Branches:
Dungeon (3/15)              Sewer (visited)

Altars:

Annotations:
D:3 Stonecrops's ghost, amateur GrFi


Innate Abilities, Weirdness & Mutations

You have very sharp teeth.
Your uncanny sense of smell can sniff out nearby items.
Your experience applies equally to all skills.
You are agile. (Dex +4, Str/Int -1)
You passively map a small area around you.


Message History

Level annotation: 1 runed translucent door
There is a collapsed entrance here.
You see here a quokka corpse.
Okay, then.
You enter the shallow water.
Moving in this stuff is going to be slow.
A giant cockroach comes into view.
You whack the giant cockroach! You freeze the giant cockroach.
You kill the giant cockroach!
You see here 3 stones.
Found a large ruby ring.
Stonecrops's ghost turns its malevolent gaze towards you.
You open the door.
It was a potion of mutation.
You feel extremely strange.
You feel a strange attunement to the structure of the dungeons.
You feel agile.
Casting: Magic Dart (safe; 4% risk of failure)
Confirm with . or Enter, or press ? or * to list all spells.
A part of your flesh rots into a cloud of miasma!
You feel drained.
Casting: Cigotuvi's Dreadful Rot (safe; 12% risk of failure)
Confirm with . or Enter, or press ? or * to list all spells.
Aiming: Magic Dart (safe; 4% risk of failure)
Press: ? - help, Shift-Dir - straight line, f - Stonecrops's ghost
Aim: Stonecrops's ghost (haloed, 100% to hit)
Okay, then.
Casting: Magic Dart (safe; 4% risk of failure)
Confirm with . or Enter, or press ? or * to list all spells.
A tiny devil pulls itself out of the air.
You are engulfed in dark miasma.
You are poisoned.
You feel very sick. Stonecrops's ghost hits you.
You hit Stonecrops's ghost. You freeze Stonecrops's ghost.
Stonecrops's ghost is moderately damaged.
You are engulfed in dark miasma.
You are lethally poisoned!
* * * LOW HITPOINT WARNING * * *
You feel extremely sick. Stonecrops's ghost hits you!
You die...

#..# #.###### ...#
##### ..## #.*
#.=.##.# .##
##.###.~.##.# .#
#....#.~.##.#
>#########....#.~.##.#
...#~P~.P.P~P.#5~.##.#
.#PP.PP~P♣~~P.##W###.#
PPP~≈≈♣≈~~~.....@.##.#
P~~≈♣♣~PP.P.......##.#
~♣≈~~PPP##....(..###.#
~≈♣♣P~~##...##.#####.#
♣♣♣PP~....#..........#
♣♣~♣P~..######.#######
~~~♣PPP~#### #.#
.P~~♣~~PP~~###.#
.P~PP♣~~~P~P##.#


You could see Stonecrops's ghost (ally target) and a friendly cerulean imp
(summoned).

Vanquished Creatures
  2 adders
  A dart slug (D:1)
  7 bats
  3 endoplasms
  5 giant cockroaches
  3 goblins
  A hobgoblin (D:3)
  3 jackals (D:3)
  2 kobolds (D:1)
  2 quokkas (D:3)
  6 ball pythons
  2 frilled lizards
  4 rats
41 creatures vanquished.

Notes
Turn   | Place    | Note
-------+----------+-------------------------------------------
     0 | D:1      | Graywind the Gnoll Hedge Wizard began the quest for the
                  | Orb.
     0 | D:1      | Reached XP level 1. HP: 13/13 MP: 8/8
     2 | D:1      | Learned a level 1 spell: Slow
   230 | D:1      | Reached XP level 2. HP: 19/19 MP: 10/10
   427 | D:2      | Learned a level 2 spell: Call Imp
   430 | D:2      | Learned a level 2 spell: Cigotuvi's Dreadful Rot
   496 | D:2      | Reached XP level 3. HP: 24/25 MP: 9/11
   500 | D:2      | Learned a level 3 spell: Mephitic Cloud
   576 | D:3      | Found a faded altar of an unknown god.
   584 | D:3      | Got Plato's Vellum of Bombardment
   594 | D:3      | Reached skill level 1 in Invocations
   681 | D:3      | Identified the +6 whip of Zuravown {freeze, rF++ rN+ Int+3}
   714 | D:3      | Reached skill level 1 in Fighting
   714 | D:3      | Reached skill level 1 in Short Blades
   714 | D:3      | Reached skill level 1 in Long Blades
   714 | D:3      | Reached skill level 1 in Axes
   714 | D:3      | Reached skill level 1 in Maces & Flails
   714 | D:3      | Reached skill level 1 in Polearms
   714 | D:3      | Reached skill level 1 in Staves
   714 | D:3      | Reached skill level 1 in Ranged Weapons
   714 | D:3      | Reached skill level 1 in Throwing
   714 | D:3      | Reached skill level 1 in Armour
   714 | D:3      | Reached skill level 1 in Shields
   714 | D:3      | Reached skill level 1 in Unarmed Combat
   714 | D:3      | Reached skill level 1 in Evocations
   820 | D:3      | Found a runed translucent door.
   831 | D:3      | Found a glowing drain.
   842 | D:3      | Reached XP level 4. HP: 32/32 MP: 13/13
   847 | Sewer    | Entered a sewer
   964 | D:3      | Noticed Stonecrops's ghost (amateur GrFi)
   967 | D:3      | Gained mutation: You passively map a small area around you.
                  | [potion of mutation]
   967 | D:3      | Gained mutation: You are agile. (Dex +4, Str/Int -1)
                  | [potion of mutation]
   970 | D:3      | Slain by Stonecrops's ghost

Illustrated notes

Levels and vault maps discovered:
D:1:      shiori_arrival_oz, layout_basic, grunt_decor_clamped,
          corexii_corridor_pit
D:2:      layout_basic, basic_altar
D:3:      layout_loops_ring, lightli_temple_of_fire,
          ebering_ghost_reflecting_pool, serial_bayou, serial_bayou_ford_a,
          serial_bayou_pond_e, serial_bayou_pond_e, serial_bayou_shore_a,
          serial_bayou_lagoon_a, serial_bayou_lagoon_b, portal_sewer_entry_f,
          shapermc_ecumenical_altar_rom_forum

Skill      XL: |  1  2  3 |
---------------+----------+-----
Conjurations   | 2 |  2.2
Summonings     | 2 |  2.2
Translocations | 2 |  2.2
Invocations    | 1 |  1.1
Fighting       | 1 |  1.0
Short Blades   | 1 |  1.0
Long Blades    | 1 |  1.0
Axes           | 1 |  1.0
Maces & Flails | 1 |  1.0
Polearms       | 1 |  1.0
Staves         | 1 |  1.0
Ranged Weapons | 1 |  1.0
Throwing       | 1 |  1.0
Armour         | 1 |  1.0
Shields        | 1 |  1.0
Unarmed Combat | 1 |  1.0
Evocations     | 1 |  1.0
Dodging        | |  4.6
Stealth        | |  4.2
Spellcasting   | |  7.2
Hexes          | |  0.8
Necromancy     | |  0.8
Transmutations | |  0.8
Fire Magic     | |  0.8
Ice Magic      | |  0.8
Air Magic      | |  0.8
Earth Magic    | |  0.8
Poison Magic   | |  0.8
Shapeshifting  | |  0.8

Action                     |  1- 3 |  4- 6 || total
---------------------------+-------+-------++-------
  Melee: Dagger            |    48 |       ||    48
         Punch             |     1 |       ||     1
         Whip              |    32 |    10 ||    42
         Bite              |     5 |       ||     5
   Cast: Magic Dart        |    19 |       ||    19
         Call Imp          |       |     1 ||     1
         Cigotuvi's Dreadf |       |     1 ||     1
    Use: Scroll            |     3 |     3 ||     6
         Potion            |       |     1 ||     1
   Stab: Sleeping          |     2 |       ||     2
 Armour: Robe              |    12 |       ||    12
  Dodge: Dodged            |    58 |    17 ||    75

Table legend: (Time is in decaauts)
 A = Elapsed time spent in this place.
 B = Non-inter-level travel time spent in this place.
 C = Inter-level travel time spent in this place.
 D = Time resting spent in this place.
 E = Time spent auto-exploring this place.
 F = Levels seen in this place.
 G = Mean time per level.
                   A        B        C        D        E       F      G
               +--------+--------+--------+--------+--------+-----+--------+
         Total |   1003 |   1003 |      0 |      0 |      0 |   4 |  250.8 |
       Dungeon |    924 |    924 |      0 |      0 |      0 |   3 |  308.0 |
         Sewer |     79 |     79 |      0 |      0 |      0 |   1 |   79.0 |
               +--------+--------+--------+--------+--------+-----+--------+

Top non-repeatable levels by time:
     D:1: 353 daAuts
     D:3: 350 daAuts
     D:2: 220 daAuts
   Sewer: 79 daAuts
